 Dungeon Crawl Stone Soup version 0.20.1-1-g8b1a95d (webtiles) character file.

21 Mimshu the Charmwright (level 2, -1/22 HPs)
             Began as a Demonspawn Skald on Nov 30, 2017.
             Slain by a hobgoblin
             ... wielding a +0 club
              (5 damage)
             ... on level 1 of the Dungeon.
             The game lasted 00:02:21 (614 turns).

Mimshu the Charmwright (Demonspawn Skald)            Turns: 614, Time: 00:02:22

Health: -1/22      AC:  6    Str: 16    XL:     2   Next: 62%
Magic:  5/5        EV: 12    Int: 14    God:
Gold:   20         SH:  0    Dex: 12    Spells: 4/5 levels left

rFire    . . .     SeeInvis .   a - +0 falchion
rCold    . . .     Gourm    .   (no shield)
rNeg     . . .     Faith    .   b - +0 leather armour
rPois    .         Spirit   .   e - +2 helmet
rElec    .         Reflect  .   (no cloak)
rCorr    .         Harm     .   (no gloves)
MR       .....                  (no boots)
Stlth    +.........             (no amulet)
Regen    0.1/turn               (no ring)
MPRegen  0.1/turn               (no ring)

@: mighty
A: powered by pain 1
a: no special abilities


You were on level 1 of the Dungeon.
You were not hungry.

You visited 1 branch of the dungeon, and saw 1 of its levels.

You collected 20 gold pieces.

Inventory:

Hand Weapons
 a - a +0 falchion (weapon)
 j - a +0 club
Armour
 b - a +0 leather armour (worn)
 e - a +2 helmet (worn)
Scrolls
 g - a scroll of blinking {unknown}
 h - a scroll of teleportation {unknown}
 i - a scroll of remove curse
Potions
 k - a potion of mutation {unknown}
Books
 c - a book of Battle

   Spells                             Type                      Level
   a - Infusion                       Charms                       1
   b - Shroud of Golubria             Charms/Translocation         2
   c - Song of Slaying                Charms                       2
   d - Spectral Weapon                Hexes/Charms                 3
   e - Regeneration                   Charms/Necromancy            3
Comestibles
 d - a bread ration
 f - 5 chunks of flesh
 l - a royal jelly


   Skills:
 + Level 2.1 Fighting
 + Level 2.0 Long Blades
 + Level 1.1 Armour
 + Level 2.0 Dodging
 + Level 2.1 Spellcasting
 + Level 3.1 Charms


You had 4 spell levels left.
You knew the following spells:

 Your Spells              Type           Power        Failure   Level  Hunger
a - Infusion              Chrm           ##..         9%          1    ##.....


Dungeon Overview and Level Annotations

Branches:
Dungeon (1/15)

Altars:


Innate Abilities, Weirdness & Mutations

You sometimes gain a little power by taking damage.


Message History

There are monsters nearby!
The hobgoblin shouts!
The hobgoblin moves out of view.
You miss the frilled lizard. The frilled lizard barely misses you.
You barely miss the frilled lizard.
The frilled lizard bites you but does no damage.
You miss the frilled lizard. The frilled lizard misses you.
You slash the frilled lizard!
You kill the frilled lizard!
The hobgoblin closely misses you.
You riposte.
You barely miss the hobgoblin. You closely miss the hobgoblin.
The hobgoblin hits you with a club.
You closely miss the hobgoblin.
The hobgoblin hits you but does no damage.
The kobold hits you but does no damage.
You are electrocuted!
Ouch! That really hurt!
* * * LOW HITPOINT WARNING * * *
You focus on the pain.
You feel very mighty all of a sudden.
You barely miss the kobold. The hobgoblin hits you with a club.
You die...

..............................>##
.#.###.#.#######..............##
.#.# #.#. ............#.#...#
##.###.#.. ....#...#...#.#)..###
.......... .#####...###.#.#......
.......... .K...........#.#..####
.........# .#####.######.#.## #
.........###.####K........#.#
.#...[...#......@...##......## #
.#.....#.#.....g....#..≈≈≈≈).####
.#######......####..#.≈≈≈≈≈≈.....
.... .... #..#.≈≈≈≈≈≈..<>§ ####
... #..#.≈≈≈≈≈≈..... ..
#..#..≈≈≈≈....#§ .
..##........... #####.##.##.
#.##.###


You could see a hobgoblin and a kobold.

Vanquished Creatures
  An ooze (D:1)
  A dart slug (D:1)
  A leopard gecko (D:1)
  A bat (D:1)
  3 goblins (D:1)
  2 hobgoblins (D:1)
  2 frilled lizards (D:1)
  A kobold (D:1)
  A rat (D:1)
13 creatures vanquished.

Notes
Turn   | Place    | Note
-------+----------+-------------------------------------------
     0 | D:1      | Mimshu the Demonspawn Skald began the quest for the Orb.
     0 | D:1      | Reached XP level 1. HP: 16/16 MP: 3/3
   190 | D:1      | Gained mutation: You sometimes gain a little power by taking damage. [demonic ancestry]
   190 | D:1      | Reached XP level 2. HP: 22/22 MP: 5/5
   197 | D:1      | Reached skill level 3 in Charms
   474 | D:1      | Reached skill level 1 in Armour
   614 | D:1      | Slain by a hobgoblin

Skill      XL: |  1  2 |
---------------+-------+-----
Charms         | 3 |  3.1
Armour         | 1 |  1.1
Long Blades    | 2 |  2.0
Dodging        | 2 |  2.0
Fighting       | |  2.1
Spellcasting   | |  2.1

Action                   || total
-------------------------++-------
Melee: Falchion          ||    45
 Cast: Infusion          ||     2
  Use: Scroll            ||     2
Armor: Leather armour    ||    15
Dodge: Dodged            ||    26
       Rpst.: Falchion   ||     5
